 Dungeon Crawl Stone Soup version 0.21.1-1-g345015fe64 (webtiles) character file.

14949 Lentor the Carver (level 11, 0/77 HPs)
             Began as a Pale Draconian Berserker on June 8, 2018.
             Was a High Priest of Trog.
             Slain by a troll (7 damage)
             ... on level 12 of the Dungeon.
             The game lasted 00:37:48 (11718 turns).

Lentor the Carver (Pale Draconian Berserker)       Turns: 11718, Time: 00:37:49

Health: 0/77       AC: 15    Str: 24    XL:     11   Next: 95%
Magic:  11/11      EV: 12    Int:  7    God:    Trog [*****.]
Gold:   41         SH: 20    Dex: 10    Spells: 10/10 levels left

rFire    . . .     SeeInvis +   M - +4 long sword (holy)
rCold    + + .     Gourm    .   C - +4 large shield of Infinity {rC+}
rNeg     . . .     Faith    .   (armour unavailable)
rPois    .         Spirit   .   (helmet restricted)
rElec    .         Reflect  .   E - +2 cloak {MR+}
rCorr    .         Harm     .   w - +2 pair of gloves
MR       ++...                  p - +1 pair of boots
Stlth    +++.......             (no amulet)
HPRegen  0.22/turn              H - ring of protection from magic
MPRegen  0.12/turn              L - ring of see invisible

@: flying
A: breathe steam, unfitting armour, big wings, hooves 1, cold resistance 1,
frail 2, screaming 1, cold-blooded, AC +7
a: Breathe Steam, Stop Flying, Berserk, Trog's Hand, Brothers in Arms, Burn
Spellbooks, Renounce Religion


You were on level 12 of the Dungeon.
You worshipped Trog.
Trog was extremely pleased with you.
You were not hungry.

You visited 3 branches of the dungeon, and saw 14 of its levels.

You collected 639 gold pieces.
You spent 598 gold pieces at shops.

Inventory:

Hand Weapons
 M - a +4 long sword of holy wrath (weapon)
Missiles
 F - 7 poisoned tomahawks (quivered)
Armour
 p - a +1 pair of boots (worn)
 w - a +2 pair of gloves (worn)
 C - the +4 large shield of Infinity (worn) {rC+}
   (You bought it in a shop on level 8 of the Dungeon)

   It protects you from cold.
 E - a +2 cloak of magic resistance (worn)
Jewellery
 g - an uncursed ring of fire
 l - an uncursed ring of poison resistance
 r - an uncursed ring of flight
 t - an uncursed ring of magical power
 H - a ring of protection from magic (left hand)
 I - an uncursed ring of fire
 J - an uncursed ring of stealth
 L - a ring of see invisible (right hand)
Wands
 i - a wand of scattershot (3)
 j - a wand of polymorph (28)
 v - a wand of paralysis (14)
 A - a wand of iceblast (22)
 G - a wand of clouds (9)
 K - a wand of disintegration (15)
Scrolls
 m - a scroll of enchant armour
 o - 2 scrolls of fog
 q - a scroll of magic mapping
 x - 7 scrolls of teleportation
 y - 11 scrolls of remove curse
Potions
 c - 3 potions of agility
 d - 6 potions of heal wounds
 e - 4 potions of magic
 f - 4 potions of curing
 h - 2 potions of might
 k - a potion of flight
 n - 3 potions of lignification
 s - a potion of invisibility
 z - 3 potions of ambrosia
 B - a potion of haste
 D - a potion of cancellation
Comestibles
 b - 23 rations


   Skills:
 + Level 9.5 Fighting
 + Level 12.3 Long Blades
 + Level 0.3 Throwing
 + Level 8.5 Dodging
 + Level 7.5 Stealth
 + Level 6.0 Shields


You had 10 spell levels left.
You didn't know any spells.

Dungeon Overview and Level Annotations

Branches:
Dungeon (12/15)            Temple (1/1) D:4            Lair (0/6) D:11
    Orc (1/2) D:9

Altars:
Ashenzari
Cheibriados
Dithmenos
Elyvilon
Fedhas
Gozag
Hepliaklqana
Kikubaaqudgha
Makhleb
Nemelex Xobeh
Okawaru
Qazlal
Ru
Sif Muna
Trog
Uskayaw
Vehumet
Wu Jian
Xom
Yredelemnul
Zin
The Shining One

Shops:
D:4 *   D:6 :!%*%   D:8 ([   D:11 ([

Annotations:
D:11 exclusion: 2 oklob plants


Innate Abilities, Weirdness & Mutations

You can breathe blasts of scalding, opaque steam.
Your pale cyan-grey scales are hard. (AC +7)
You cannot fit into any form of body armour.
You are cold-blooded and may be slowed by cold attacks.
Your large and strong wings let you fly indefinitely.
You have large cloven feet.
Your flesh is cold resistant. (rC+)
You are very frail. (-20% HP)
You occasionally shout uncontrollably at your foes.


Message History

The five-headed hydra misses you.
The five-headed hydra bites you but does no damage.
The five-headed hydra bites you!
You eat one of the 24 rations.
That ration really hit the spot!
You block the five-headed hydra's attack.
The five-headed hydra bites you! x2
* * * LOW HITPOINT WARNING * * *
The five-headed hydra bites you!
* * * LOW HITPOINT WARNING * * *
You block the five-headed hydra's attack.
Your ogre hits the five-headed hydra with a giant spiked club!!
The five-headed hydra bites your ogre. The five-headed hydra bites your ogre!
The five-headed hydra closely misses your ogre. x2
The five-headed hydra bites your ogre!
Your ogre hits the five-headed hydra with a giant spiked club!
The five-headed hydra bites your ogre. The five-headed hydra bites your ogre!
Your ogre dies!
Your ogre's corpse disappears in a puff of smoke!
You block the troll's attack. x2; The troll claws you!
You die...

####.###### #......?(.. ###
##### #.......... .. #...#
#.......(.. #.###...#
####......# ..##...# ######.#
#.##...# ###########.#
##.####.##...####............
........D...@.†......>...))..
#.####.##.T.###.........))..
#.##...# #.........)...
#D(#o..# #.............
#########)#...#
#.............
........oo....#
#.............
.......†...<..#
#.............
..............#
#.............
....o.........#
#.............


You could see a five-headed hydra, a troll and an orc.

Vanquished Creatures
  5 two-headed ogres
  An unseen horror (D:12)
  2 ugly things
  The ghost of kaisn the Vexing, a novice GnAM of Ashenzari (D:7)
  A troll (D:9)
  Grinder (D:4)
  A hornet (D:9)
  A hippogriff (D:10)
  Sigmund (D:4)
  Eustachio (D:6)
  5 yaks
  A wyvern (D:9)
  2 vampire mosquitoes (D:12)
  A soldier ant (D:9)
  A water moccasin (D:5)
  An acid dragon (D:11)
  6 ice beasts
  7 orc warriors
  4 sky beasts
  8 ogres
  2 black bears
  2 phantoms
  3 centaurs
  A big kobold (D:9)
  4 bullfrogs
  A water moccasin zombie (D:8)
  3 scorpions
  12 killer bees
  9 wights
  2 howler monkeys (D:11)
  5 crimson imps
  A bullfrog zombie (D:6)
  2 centaur zombies
  3 quasits
  2 jellies
  3 bullfrog skeletons
  2 orc priests
  6 hounds
  3 iguanas
  9 orc wizards
  Crazy Yiuf (D:4)
  A centaur skeleton (D:5)
  Ijyb (D:3)
  8 worker ants
  A hound zombie (D:5)
  A hound skeleton (D:4)
  A worker ant zombie (D:9)
  4 gnolls (D:3)
  3 howler monkey skeletons
  13 adders
  4 shadow imps
  An adder zombie (D:8)
  An ooze (D:4)
  An adder skeleton (D:9)
  6 worms
  4 dart slugs
  10 leopard geckos
  40 orcs
  A ball python (D:4)
  7 bats
  5 giant cockroaches
  6 hobgoblins
  16 jackals
  6 quokkas
  6 frilled lizards
  4 goblins
  A jackal skeleton (D:4)
  14 kobolds
  A leopard gecko skeleton (D:5)
  A quokka skeleton (D:4)
  7 rats
302 creatures vanquished.

Vanquished Creatures (collateral kills)
  A two-headed ogre (D:12)
  A cyclops (D:12)
  5 yaks
  A wyvern (D:12)
  A black bear (D:12)
  An orc wizard (D:12)
  2 orcs (D:12)
12 creatures vanquished.

Vanquished Creatures (others)
  A bush (D:11)
1 creature vanquished.

Grand Total: 315 creatures vanquished

Notes
Turn   | Place    | Note
-------+----------+-------------------------------------------
     0 | D:1      | Lentor the Draconian Berserker began the quest for the Orb.
     0 | D:1      | Reached XP level 1. HP: 19/19 MP: 1/1
   355 | D:1      | Reached XP level 2. HP: 25/26 MP: 2/2
   781 | D:1      | Reached ** piety under Trog
   781 | D:1      | Reached XP level 3. HP: 31/31 MP: 3/3
  1372 | D:2      | Reached XP level 4. HP: 39/40 MP: 4/4
  1510 | D:3      | Reached skill level 4 in Long Blades
  1919 | D:3      | Reached XP level 5. HP: 46/46 MP: 5/5
  1991 | D:3      | Reached *** piety under Trog
  2084 | D:3      | Found an ancient bone altar of Kikubaaqudgha.
  2165 | D:3      | Noticed Ijyb
  2165 | D:3      | Paralysed by Ijyb for 4 turns
  2177 | D:3      | Killed Ijyb
  2419 | D:4      | Noticed Sigmund
  2430 | D:4      | Killed Sigmund
  2430 | D:4      | Reached skill level 5 in Long Blades
  2430 | D:4      | Reached skill level 1 in Stealth
  2430 | D:4      | Reached XP level 6. HP: 53/53 MP: 6/6
  3001 | D:4      | Found an opulent altar of Gozag.
  3023 | D:4      | Found a staircase to the Ecumenical Temple.
  3084 | D:4      | Reached skill level 6 in Long Blades
  3220 | D:4      | Your scales start taking on a pale cyan-grey colour.
  3220 | D:4      | Reached XP level 7. HP: 60/60 MP: 7/7
  3315 | D:4      | Found a runed door.
  3542 | D:4      | Noticed Grinder
  3554 | D:4      | Paralysed by Grinder for 7 turns
  3562 | D:4      | Killed Grinder
  3562 | D:4      | Reached skill level 5 in Fighting
  3978 | D:4      | Found Reemuq's General Store.
  4035 | D:4      | Noticed Crazy Yiuf
  4039 | D:4      | Killed Crazy Yiuf
  4093 | D:5      | Entered Level 5 of the Dungeon
  4117 | D:5      | Reached skill level 7 in Long Blades
  4323 | D:5      | Reached XP level 8. HP: 68/69 MP: 8/8
  4346 | D:5      | Found a sacrificial altar of Ru.
  4691 | D:5      | Reached skill level 5 in Dodging
  4812 | D:5      | Reached skill level 8 in Long Blades
  4817 | D:5      | Reached **** piety under Trog
  5228 | D:6      | Noticed Eustachio
  5296 | D:6      | Killed Eustachio
  5296 | D:6      | Reached XP level 9. HP: 68/77 MP: 9/9
  5317 | D:6      | Found Tiptulu's Book Shop.
  5364 | D:6      | Reached skill level 9 in Long Blades
  5381 | D:6      | Found Jalyud's Distillery.
  5426 | D:6      | Found Feeng's General Store.
  5474 | D:6      | Found Jajalois's Food Boutique.
  5483 | D:6      | Got a crystal hand axe
  5484 | D:6      | Identified the +3 hand axe of Broken Luck {holy, Dex+4} (You found it on level 6 of the Dungeon)
  5701 | D:6      | Found Wong's Food Emporium.
  5848 | D:6      | Gained mutation: You possess an exceptional clarity of mind. [potion of mutation]
  5848 | D:6      | Gained mutation: You are robust. (+10% HP) [potion of mutation]
  5848 | D:6      | Gained mutation: You have sharp fingernails. [potion of mutation]
  5980 | D:7      | Found a snail-covered altar of Cheibriados.
  6017 | D:7      | Reached ***** piety under Trog
  6263 | D:7      | Found a deep blue altar of Sif Muna.
  6419 | D:7      | Found an iron altar of Okawaru.
  6544 | D:7      | Reached skill level 10 in Long Blades
  6909 | D:8      | Found Cycum's Antique Weapon Boutique.
  6913 | D:8      | Lost mutation: You are robust. (+10% HP) [potion of mutation]
  6913 | D:8      | Lost mutation: You possess an exceptional clarity of mind. [potion of mutation]
  6913 | D:8      | Gained mutation: You occasionally shout uncontrollably at your foes. [potion of mutation]
  6913 | D:8      | Gained mutation: Your flesh is cold resistant. (rC+) [potion of mutation]
  6913 | D:8      | Gained mutation: You have a pair of small horns on your head. [potion of mutation]
  6913 | D:8      | Gained mutation: Your muscles are strong. (Str +2) [potion of mutation]
  6984 | D:8      | Found a radiant altar of Vehumet.
  6987 | D:8      | Found a snail-covered altar of Cheibriados.
  6990 | D:8      | Found a bloodstained altar of Trog.
  7059 | D:8      | Reached skill level 5 in Stealth
  7229 | D:8      | Reached XP level 10. HP: 86/86 MP: 10/10
  7241 | D:8      | Found Copei's Armour Shoppe.
  7559 | Temple   | Entered the Ecumenical Temple
  7849 | D:7      | Noticed kaisn's ghost (novice GnAM)
  7878 | D:7      | Killed kaisn's ghost
  8417 | D:9      | Paralysed by a hornet for 2 turns
  8423 | D:9      | Paralysed by a hornet for 2 turns
  8427 | D:9      | Reached skill level 11 in Long Blades
  9086 | D:8      | Bought the +4 large shield of Infinity {rC+} for 462 gold pieces
  9252 | D:9      | Noticed a two-headed ogre
  9260 | D:9      | Killed a two-headed ogre
  9343 | D:9      | Found a staircase to the Orcish Mines.
  9598 | Orc:1    | Entered Level 1 of the Orcish Mines
  9632 | Orc:1    | Noticed an orc sorcerer
  9643 | Orc:1    | Noticed a sun demon
  9853 | D:10     | Entered Level 10 of the Dungeon
  9896 | D:10     | Noticed a two-headed ogre
  9912 | D:10     | Killed a two-headed ogre
  9912 | D:10     | Reached skill level 1 in Shields
  9912 | D:10     | Reached XP level 11. HP: 41/95 MP: 11/11
 10141 | D:10     | Noticed a two-headed ogre
 10149 | D:10     | Killed a two-headed ogre
 10340 | D:10     | Received a gift from Trog
 10465 | D:10     | Found a hide-covered altar of Uskayaw.
 10623 | D:11     | Noticed an oklob plant
 10625 | D:11     | Found a staircase to the Lair.
 10625 | D:11     | Noticed an oklob plant
 10698 | D:11     | Noticed a cyan ugly thing
 10719 | D:11     | Killed a cyan ugly thing
 10881 | D:11     | Noticed a two-headed ogre
 10890 | D:11     | Killed a two-headed ogre
 11113 | D:11     | Found Miuhag's Antique Weapon Emporium.
 11183 | D:11     | Bought a runed long sword for 136 gold pieces
 11200 | D:11     | Lost mutation: Your muscles are strong. (Str +2) [potion of mutation]
 11200 | D:11     | Lost mutation: You have sharp fingernails. [potion of mutation]
 11200 | D:11     | Lost mutation: You have a pair of small horns on your head. [potion of mutation]
 11200 | D:11     | Gained mutation: You are frail. (-10% HP) [potion of mutation]
 11200 | D:11     | Gained mutation: You are very frail. (-20% HP) [potion of mutation]
 11200 | D:11     | Gained mutation: Your large and strong wings let you fly indefinitely. [potion of mutation]
 11200 | D:11     | Gained mutation: You have large cloven feet. [potion of mutation]
 11249 | D:11     | Found Intab's Antique Armour Shop.
 11592 | D:12     | Noticed a two-headed ogre
 11593 | D:12     | Noticed an unseen horror
 11599 | D:12     | Noticed a two-headed ogre
 11602 | D:12     | Killed a two-headed ogre
 11602 | D:12     | Reached skill level 12 in Long Blades
 11605 | D:12     | Killed an unseen horror
 11612 | D:12     | Killed a two-headed ogre
 11612 | D:12     | Reached skill level 5 in Shields
 11662 | D:12     | Noticed a purple ugly thing
 11685 | D:12     | Killed a purple ugly thing
 11700 | D:12     | Noticed a four-headed hydra
 11718 | D:12     | Slain by a troll

Skill      XL: |  1  2  3  4  5  6  7  8  9 10 11 |
---------------+----------------------------------+-----
Dodging        | 3 4 5 6 7 8 |  8.5
Long Blades    | 4 5 6 7 8 10 11 12 | 12.3
Fighting       | 4 5 6 7 8 9 |  9.5
Stealth        | 1 2 3 5 6 7 |  7.5
Shields        | 1 6 |  6.0
Throwing       | |  0.3

Action                   |  1- 3 |  4- 6 |  7- 9 | 10-12 || total
-------------------------+-------+-------+-------+-------++-------
Melee: Falchion          |   128 |   131 |   426 |   343 ||  1028
       Tailslap          |    19 |    25 |    84 |    84 ||   212
       Headbutt          |       |       |    13 |    70 ||    83
       Long sword        |       |       |       |    69 ||    69
Throw: Tomahawk          |       |       |       |     4 ||     4
Invok: Berserk           |       |     5 |    15 |    11 ||    31
       Brothers in Arms  |       |       |       |     3 ||     3
 Abil: Breathe Steam     |       |       |     3 |     4 ||     7
       Fly               |       |       |       |     1 ||     1
Evoke: Wand              |       |       |       |     1 ||     1
  Use: Scroll            |     1 |       |    22 |     4 ||    27
       Potion            |       |       |     2 |     2 ||     4
 Stab: Sleeping          |       |     1 |    11 |     9 ||    21
       Distracted        |       |       |     1 |     1 ||     2
  Eat: Chunk             |     1 |    10 |    19 |    11 ||    41
       Ration            |       |       |     3 |     5 ||     8
Armor: Skin              |    47 |    40 |   154 |   116 ||   357
Dodge: Dodged            |    91 |    87 |   278 |   151 ||   607
Block: Large shield      |       |       |       |   201 ||   201
       Rpst.: Falchion   |    26 |    25 |    85 |    35 ||   171
       Long sword        |       |       |       |     4 ||     4
